 Dungeon Crawl Stone Soup version 0.31-a0-1165-g196b491b36 (webtiles) character file.

Game seed: 2880435496888431455

1253 SJWr the Trooper (level 8, -10/52 HPs)
             Began as a Gargoyle Monk on Dec 10, 2023.
             Mangled by a troll (14 damage)
             ... on level 5 of the Dungeon.
             The game lasted 00:09:14 (2890 turns).

SJWr the Trooper (Gargoyle Monk)                    Turns: 2890, Time: 00:09:14

Health: -10/52     AC:  7    Str: 17    XL:     8   Next: 51%
Magic:  8/8        EV: 13    Int: 11    God:
Gold:   240        SH:  0    Dex: 12    Spells: 7/7 levels left

rFire   + . .        o - +11 sling "Wogugh" {flame, rF+}
rCold   . . .        d - orb {light}
rNeg    + . .        b - +0 robe
rPois   ∞            (no helmet)
rElec   +            (no cloak)
rCorr   .            (no gloves)
SInv    .            (no boots)
Will    .....        v - amulet of the acrobat
Stlth   +            (no ring)
HPRegen 0.28/turn    (no ring)
MPRegen 0.11/turn

%: acrobat
@: glowing
A: sickness immunity, AC +5, negative energy resistance 1, electricity
resistance, torment resistance 1, petrification resistance
a: no special abilities


You were on level 5 of the Dungeon.
You visited 1 branch of the dungeon, and saw 5 of its levels.
You also visited: Ossuary.

You collected 240 gold pieces.

Inventory:

Hand Weapons
 a - a +0 mace
 o - the +11 sling "Wogugh" (weapon) {flame, rF+}
   (You found it on level 3 of the Dungeon)

   rF+:       It protects you from fire.
Missiles
 h - 9 poisoned darts
 n - 4 javelins
 s - 50 stones
 x - a curare-tipped dart
Armour
 b - a +0 robe (worn)
 d - an orb of light (worn)
Jewellery
 v - an amulet of the acrobat (around neck)
   (You found it on level 4 of the Dungeon)
 Z - a ring of wizardry {Wiz+, !d}
   (You found it on level 1 of the Dungeon)
Scrolls
 c - a scroll of noise {unknown}
 e - 6 scrolls of identify {unknown}
 r - a scroll of immolation {unknown}
 t - a scroll of enchant armour {unknown}
 u - a scroll of enchant weapon {unknown}
 y - a scroll of butterflies {unknown}
Potions
 f - a potion of enlightenment {unknown}
 g - a potion of lignification {unknown}
 j - a potion of attraction {unknown}
 k - a potion of berserk rage {unknown}
 l - a potion of mutation {unknown}
 m - 3 potions of heal wounds {unknown}
 p - a potion of degeneration {unknown}
 q - 2 potions of brilliance {unknown}
 w - a potion of might {unknown}
 G - a potion of ambrosia {!q}
 J - 3 potions of curing {@q1}


   Skills:
 + Level 6.3 Fighting
 - Level 4.5 Maces & Flails
 * Level 6.0 Ranged Weapons
 + Level 4.8 Dodging


You had 7 spell levels left.
You didn't know any spells.
Your spell library contained the following spells:

 Spells                   Type           Power      Damage    Failure   Level
 Sandblast                Erth           0%         2d4       34%         1
 Passwall                 Tmut/Erth      0%         N/A       47%         2
 Stone Arrow              Conj/Erth      0%         3d7       71%         3
 Brom's Barrelling Bould  Conj/Erth      0%         2d3       98%         4


Dungeon Overview and Level Annotations

Branches:
Dungeon (5/15)            Ossuary (visited)
 Temple: D:4-7

Altars:

Shops:
D:1 !


Innate Abilities, Weirdness & Mutations

You are immune to sickness and miasma.
Your stone body is resilient. (AC +5)
You are immune to poison.
You resist negative energy. (rN+)
You are resistant to electric shocks. (rElec)
You are resistant to unholy torment.
You are immune to petrification.


Message History

The hound closely misses you. x2
Health restored: 51 You shoot a sling bullet.
The sling bullet hits the hound!
The sling bullet burns the hound.
The hound bites you but does no damage.
You shoot a sling bullet.
The sling bullet closely misses the hound.
The hound misses you. The hound barely misses you.
You shoot a sling bullet. The sling bullet hits the hound!
The sling bullet burns the hound.
You kill the hound!
No target in view!
No target in view!
You climb downwards.
The troll misses you. The troll barely misses you. The troll claws you.
The howler monkey hits you. The troll closely misses you.
The troll claws you. x2
There is a stone staircase leading up here.
You take 15 damage, and have 36/51 hp.
MASSIVE DAMAGE!!
The howler monkey hits you. The troll bites you.
The troll completely misses you. x2
You take 7 damage, and have 29/51 hp.
Fire: o) +11 sling "Wogugh" {flame, rF+}
Press: ? - help, Q - select action, (/) - cycle Shift-Dir - straight line, f - orc
Aim: an orc, wielding a +0 club (71% to hit)
You shoot a sling bullet.
The sling bullet hits the howler monkey!
The sling bullet burns the howler monkey.
The howler monkey closely misses you.
Fire: o) +11 sling "Wogugh" {flame, rF+}
Press: ? - help, Q - select action, (/) - cycle Shift-Dir - straight line, f/p - orc
Aim: an orc, wielding a +0 club (haloed, 84% to hit)
You shoot a sling bullet.
The sling bullet barely misses the howler monkey.
The sling bullet barely misses the troll.
The sling bullet hits the orc!
The sling bullet burns the orc.
You kill the orc!
The howler monkey closely misses you.
An ice beast comes into view.
The howler monkey hits you.
You take 1 damage, and have 28/51 hp.
Unknown command.
Fire: o) +11 sling "Wogugh" {flame, rF+}
Press: ? - help, Q - select action, (/) - cycle Shift-Dir - straight line, f - troll
Aim: a troll (haloed, 84% to hit)
You shoot a sling bullet.
The sling bullet hits the howler monkey!
The sling bullet burns the howler monkey.
You kill the howler monkey!
Your Ranged Weapons skill increases to level 6!
Okay, then.
It was a potion of curing.
You feel better.
J - 3 potions of curing The troll misses you.
The troll claws you but does no damage. The troll claws you.
The ice beast barely misses you.
You regained 4 hp, and now have 33/52 hp.
Fire: o) +11 sling "Wogugh" {flame, rF+}
Press: ? - help, Q - select action, (/) - cycle Shift-Dir - straight line, f/p - troll
Aim: a troll (haloed, 85% to hit)
You shoot a sling bullet.
The sling bullet barely misses the troll.
The troll closely misses you. x2; The troll claws you but does no damage.
The ice beast misses you.
Fire: o) +11 sling "Wogugh" {flame, rF+}
Press: ? - help, Q - select action, (/) - cycle Shift-Dir - straight line, f/p - troll
Aim: a troll (haloed, 85% to hit)
You shoot a sling bullet. The sling bullet hits the troll!
The sling bullet burns the troll.
The troll bites you. The troll closely misses you. The troll claws you.
The ice beast hits you but does no damage.
You take 8 damage, and have 25/52 hp.
Fire: o) +11 sling "Wogugh" {flame, rF+}
Press: ? - help, Q - select action, (/) - cycle Shift-Dir - straight line, f/p - troll
Aim: a troll (lightly wounded, haloed, 85% to hit)
You shoot a sling bullet. The sling bullet hits the troll!
The sling bullet burns the troll.
The troll bites you but does no damage. The troll claws you! x2
* * * LOW HITPOINT WARNING * * *
The ice beast barely misses you.
You take 19 damage, and have 6/52 hp.
MASSIVE DAMAGE!!
Fire: o) +11 sling "Wogugh" {flame, rF+}
Press: ? - help, Q - select action, (/) - cycle Shift-Dir - straight line, f/p - troll
Aim: a troll (moderately wounded, haloed, 85% to hit)
You shoot a sling bullet. The sling bullet hits the troll.
The sling bullet burns the troll.
The troll bites you but does no damage. The troll claws you.
* * * LOW HITPOINT WARNING * * *
The troll claws you but does no damage.
The ice beast hits you but does no damage.
The troll barely misses you. The troll claws you but does no damage.
The troll barely misses you.
You take 2 damage, and have 4/52 hp.
Fire: o) +11 sling "Wogugh" {flame, rF+}
Press: ? - help, Q - select action, (/) - cycle Shift-Dir - straight line, f/p - troll
Aim: a troll (heavily wounded, haloed, 85% to hit)
You shoot a sling bullet. The sling bullet hits the troll!
The sling bullet burns the troll.
The ice beast barely misses you. The troll bites you!
You die...

.........
.........
........#
........#
........#
##+#...)#
.......<#
...####T#
.......@#
......#Y#
###.#.#..
# # #...
.....
######


You could see a troll and an ice beast.

Vanquished Creatures
  A black bear (D:5)
  A centaur (D:4)
  2 elf zombies (Ossuary)
  A kobold brigand (D:4)
  A bullfrog (D:4)
  2 scorpions (D:4)
  A howler monkey (D:5)
  A centaur zombie (Ossuary)
  4 hounds
  3 human zombies (Ossuary)
  A jelly (D:4)
  A spectral scorpion (Ossuary)
  An iguana (D:4)
  Natasha (thrice) (D:3)
  2 hound zombies (Ossuary)
  3 mummies (Ossuary)
  3 gnolls (D:4)
  7 adders
  2 adder zombies (Ossuary)
  3 worms
  3 dart slugs
  2 orcs
  6 ball pythons
  7 endoplasms
  3 giant cockroaches
  A gnoll zombie (Ossuary)
  7 hobgoblins
  6 quokkas
  5 ball python zombies (Ossuary)
  4 bats
  A frilled lizard (D:2)
  5 goblins
  6 hobgoblin zombies (Ossuary)
  6 jackal zombies (Ossuary)
  6 kobolds (D:1)
  2 kobold zombies (Ossuary)
  3 orc zombies (Ossuary)
  3 quokka zombies
  2 rats
  A rat zombie (D:4)
122 creatures vanquished.

Notes
Turn   | Place    | Note
-------+----------+-------------------------------------------
     0 | D:1      | SJWr the Gargoyle Monk began the quest for the Orb.
     0 | D:1      | Reached XP level 1. HP: 14/14 MP: 1/1
   148 | D:1      | Reached XP level 2. HP: 14/19 MP: 2/2
   288 | D:1      | Found Gasan's Distillery.
   615 | D:2      | Reached XP level 3. HP: 21/23 MP: 3/3
  1092 | D:2      | Reached skill level 4 in Maces & Flails
  1092 | D:2      | Reached XP level 4. HP: 29/29 MP: 4/4
  1348 | D:3      | Reached skill level 4 in Fighting
  1382 | D:3      | Reached skill level 3 in Dodging
  1528 | D:3      | Reached XP level 5. HP: 33/33 MP: 5/5
  1563 | D:3      | Identified the +11 sling "Wogugh" {flame, rF+}
  1685 | D:3      | Noticed Natasha
  1688 | D:3      | Killed Natasha
  1689 | D:3      | Reached skill level 1 in Ranged Weapons
  1693 | D:3      | Noticed Natasha
  1694 | D:3      | Killed Natasha
  1694 | D:3      | Noticed Natasha
  1695 | D:3      | Killed Natasha
  1934 | D:4      | Reached skill level 2 in Ranged Weapons
  1934 | D:4      | Reached XP level 6. HP: 37/39 MP: 6/6
  1943 | D:4      | Found a sand-covered staircase.
  1952 | Ossuary  | Entered an ossuary
  2014 | Ossuary  | Reached skill level 3 in Ranged Weapons
  2069 | Ossuary  | Reached skill level 5 in Fighting
  2074 | Ossuary  | Reached XP level 7. HP: 44/44 MP: 7/7
  2129 | Ossuary  | Reached skill level 4 in Ranged Weapons
  2139 | Ossuary  | Reached skill level 4 in Dodging
  2440 | D:4      | Reached XP level 8. HP: 51/51 MP: 8/8
  2442 | D:4      | Reached skill level 5 in Ranged Weapons
  2526 | D:4      | Reached skill level 6 in Fighting
  2865 | D:5      | Entered Level 5 of the Dungeon
  2870 | D:5      | Noticed a troll
  2885 | D:5      | Reached skill level 6 in Ranged Weapons
  2888 | D:5      | HP: 6/52 [troll (12)]
  2890 | D:5      | Mangled by a troll

Illustrated notes

Levels and vault maps discovered:
D:1:      lemuel_arrival_muddy, layout_rooms, serial_shops, shop,
          minmay_tetromino_s2
D:2:      layout_basic
D:3:      layout_rooms, serial_curves, eino_curves_03, eino_curves_03,
          grunt_ministairs_14, dk_vineyard_3, chequers_serial_rivers_marsh,
          uniq_natasha
D:4:      layout_rooms, enter_ossuary_4, hangedman_decor_opposing, st_stairs_4,
          chequers_decorated_corner, guppyfry_early_lair_pool
D:5:      kb_forest_paths, layout_basic, amcnicky_altar_gilded,
          nicolae_overflow_crystal_walls, nicolae_overflow_hidden_temple,
          temple_doors_e, minmay_pentangle

Skill      XL: |  1  2  3  4  5  6  7  8 |
---------------+-------------------------+-----
Maces & Flails | 4 |  4.5
Fighting       | 4 5 6 |  6.3
Dodging        | 3 4 |  4.8
Ranged Weapons | 2 3 4 6 |  6.0

Action                     |  1- 3 |  4- 6 |  7- 9 || total
---------------------------+-------+-------+-------++-------
  Melee: Mace              |    76 |    54 |       ||   130
   Fire: Sling             |       |    56 |   117 ||   173
    Use: Potion            |       |       |     1 ||     1
 Armour: Robe              |    38 |    45 |    46 ||   129
  Dodge: Dodged            |    49 |    45 |    62 ||   156

Table legend: (Time is in decaauts)
 A = Elapsed time spent in this place.
 B = Non-inter-level travel time spent in this place.
 C = Inter-level travel time spent in this place.
 D = Time resting spent in this place.
 E = Time spent auto-exploring this place.
 F = Levels seen in this place.
 G = Mean time per level.
                   A        B        C        D        E       F      G
               +--------+--------+--------+--------+--------+-----+--------+
         Total |   2967 |   2824 |    143 |      0 |   2221 |   6 |  494.5 |
       Dungeon |   2668 |   2525 |    143 |      0 |   2071 |   5 |  533.6 |
       Ossuary |    299 |    299 |      0 |      0 |    150 |   1 |  299.0 |
               +--------+--------+--------+--------+--------+-----+--------+

Top non-repeatable levels by time:
     D:4: 689 daAuts
     D:2: 679 daAuts
     D:3: 672 daAuts
     D:1: 607 daAuts
 Ossuary: 299 daAuts
     D:5: 19 daAuts

Levels and vault maps discovered:
D:1:      lemuel_arrival_muddy, layout_rooms, serial_shops, shop,
          minmay_tetromino_s2
D:2:      layout_basic
D:3:      layout_rooms, serial_curves, eino_curves_03, eino_curves_03,
          grunt_ministairs_14, dk_vineyard_3, chequers_serial_rivers_marsh,
          uniq_natasha
D:4:      layout_rooms, enter_ossuary_4, hangedman_decor_opposing, st_stairs_4,
          chequers_decorated_corner, guppyfry_early_lair_pool
D:5:      kb_forest_paths, layout_basic, amcnicky_altar_gilded,
          nicolae_overflow_crystal_walls, nicolae_overflow_hidden_temple,
          temple_doors_e, minmay_pentangle

Table legend: (Time is in decaauts)
 A = Elapsed time spent in this place.
 B = Non-inter-level travel time spent in this place.
 C = Inter-level travel time spent in this place.
 D = Time resting spent in this place.
 E = Time spent auto-exploring this place.
 F = Levels seen in this place.
 G = Mean time per level.
                   A        B        C        D        E       F      G
               +--------+--------+--------+--------+--------+-----+--------+
         Total |   2967 |   2824 |    143 |      0 |   2221 |   6 |  494.5 |
       Dungeon |   2668 |   2525 |    143 |      0 |   2071 |   5 |  533.6 |
       Ossuary |    299 |    299 |      0 |      0 |    150 |   1 |  299.0 |
               +--------+--------+--------+--------+--------+-----+--------+

Top non-repeatable levels by time:
     D:4: 689 daAuts
     D:2: 679 daAuts
     D:3: 672 daAuts
     D:1: 607 daAuts
 Ossuary: 299 daAuts
     D:5: 19 daAuts

Table legend:
 A = Kills in this place as a percentage of kills in the entire game.
 B = Kills by you in this place as a percentage of kills by you in the entire game.
 C = Kills by friends in this place as a percentage of kills by friends in the entire game.
 D = Other kills in this place as a percentage of other kills in the entire game.
 E = Experience gained in this place as a percentage of experience gained in the entire game.
 F = Experience gained in this place divided by the number of levels of this place that you have seen.
                   A       B       C       D       E      F
               +-------+-------+-------+-------+-------+----------------------
         Total | 100.0 | 100.0 |   N/A |   N/A | 100.0 | 298.5
       Dungeon |  68.0 |  68.0 |   N/A |   N/A |  70.1 | 251.0
       Ossuary |  32.0 |  32.0 |   N/A |   N/A |  29.9 | 536.0
               +-------+-------+-------+-------+-------+----------------------
